 Dungeon Crawl Stone Soup version 0.20.1-1-g8b1a95d (webtiles) character file.

95 Mesmaeker13 the Conjurer (level 4, -3/24 HPs)
             Began as a Deep Elf Conjurer on July 23, 2017.
             Killed from afar by an orc wizard (9 damage)
             ... with a puff of flame
             ... on level 2 of the Dungeon.
             The game lasted 00:05:48 (3138 turns).

Mesmaeker13 the Conjurer (Deep Elf Conjurer)        Turns: 3138, Time: 00:05:49

Health: -3/24      AC:  3    Str:  6    XL:     4   Next: 39%
Magic:  7/12       EV: 14    Int: 20    God:
Gold:   76         SH:  0    Dex: 15    Spells: 4/11 levels left

rFire    . . .     SeeInvis .   g - +0 dagger (curse)
rCold    . . .     Gourm    .   (no shield)
rNeg     . . .     Faith    .   a - +0 robe
rPois    .         Spirit   .   o - +0 helmet
rElec    .         Reflect  .   (no cloak)
rCorr    .         Harm     .   (no gloves)
MR       .....                  (no boots)
Stlth    ++........             (no amulet)
Regen    0.1/turn               (no ring)
MPRegen  0.2/turn               (no ring)

@: very slightly contaminated
A: no striking features
a: no special abilities


You were on level 2 of the Dungeon.
You were hungry.

You visited 1 branch of the dungeon, and saw 3 of its levels.

You collected 76 gold pieces.

Inventory:

Hand Weapons
 g - a cursed +0 dagger (weapon)
Missiles
 p - 6 poisoned needles
Armour
 a - a +0 robe (worn)
 o - a +0 helmet (worn)
Scrolls
 d - 2 scrolls of remove curse {unknown}
 f - a scroll of teleportation {unknown}
 h - a scroll of recharging {unknown}
 i - a scroll of blinking {unknown}
 j - a scroll of random uselessness {unknown}
 k - a scroll of magic mapping {unknown}
 n - a scroll of enchant armour {unknown}
 q - 2 scrolls of identify {unknown}
Potions
 e - 2 potions of haste {unknown}
 l - a potion of curing {unknown}
 t - a potion of berserk rage {unknown}
Books
 b - a book of Conjurations

   Spells                             Type                      Level
   a - Magic Dart                     Conjuration                  1
   b - Searing Ray                    Conjuration                  2
   c - Dazzling Spray                 Conjuration/Hexes            3
   d - Fulminant Prism                Conjuration/Hexes            4
   e - Force Lance                    Conjuration/Translocation    4
   f - Iskenderun's Mystic Blast      Conjuration                  4
Comestibles
 c - 2 bread rations
 m - 6 fruits
 r - a meat ration
 s - a royal jelly


   Skills:
 + Level 3.5 Dodging
 - Level 2.4 Stealth
 - Level 4.0 Spellcasting
 + Level 5.4 Conjurations
 + Level 0.6 Hexes


You had 4 spell levels left.
You knew the following spells:

 Your Spells              Type           Power        Failure   Level  Hunger
a - Magic Dart            Conj           ####         1%          1    None
b - Searing Ray           Conj           ####..       1%          2    #......
c - Fulminant Prism       Conj/Hex       ###.......   34%         4    ####...


Dungeon Overview and Level Annotations

Branches:
Dungeon (3/15)

Altars:
The Shining One


Message History

The orc wizard closely misses you. The orc wizard misses you.
The orc wizard barely misses you.
Casting: Searing Ray
Confirm with . or Enter, or press ? or * to list all spells.
Aiming: Searing Ray
Press: ? - help, Shift-Dir - straight line, f/p - orc wizard
Aim: an orc wizard, wielding a dagger and wearing a robe The searing ray hits the orc wizard.
The orc wizard is lightly wounded. (Press . to maintain the ray.)
The orc wizard hits you with a dagger.
The searing ray hits the orc wizard.
The orc wizard is moderately wounded.
The orc wizard hits you with a dagger.
* * * LOW HITPOINT WARNING * * *
The searing ray misses the orc wizard.
The orc wizard gestures at you while chanting.
The puff of flame hits you!
You die...

#.# #.... #.# #.###
#.# #.# # #####>#
#)# # #.....# #†# #
#.##### #.#
#.###############.#
#.##...........##.#
#.##@#########.#..#
#.##o# #.#.##
#.##.# #.#.# #.##.#
#.#.# #.##.#
#####.#.#### #{##.#
#....<...... #)##.#
#.......####
#.##.#####..##.###
#...........##.#


You could see an orc wizard.

Vanquished Creatures
  3 gnolls (D:2)
  2 adders
  2 worms
  6 orcs (D:3)
  2 giant cockroaches
  A goblin (D:2)
  3 hobgoblins
  8 bats
  2 frilled lizards
  4 kobolds
  8 rats
41 creatures vanquished.

Notes
Turn   | Place    | Note
-------+----------+-------------------------------------------
     0 | D:1      | Mesmaeker13 the Deep Elf Conjurer began the quest for the Orb.
     0 | D:1      | Reached XP level 1. HP: 10/10 MP: 6/6
   391 | D:1      | Reached XP level 2. HP: 15/15 MP: 5/8
  1012 | D:1      | Learned a level 2 spell: Searing Ray
  1273 | D:2      | Reached skill level 5 in Conjurations
  1296 | D:2      | Reached XP level 3. HP: 19/19 MP: 8/10
  1967 | D:2      | Found a glowing golden altar of the Shining One.
  2185 | D:2      | Reached XP level 4. HP: 18/24 MP: 8/12
  2191 | D:2      | Learned a level 4 spell: Fulminant Prism
  3138 | D:2      | Killed from afar by an orc wizard

Skill      XL: |  1  2  3 |
---------------+----------+-----
Conjurations   | 5 |  5.4
Dodging        | 3 |  3.5
Spellcasting   | 4 |  4.0
Stealth        | |  2.4
Hexes          | |  0.6

Action                   |  1- 3 |  4- 6 || total
-------------------------+-------+-------++-------
Melee: Spear             |     5 |       ||     5
       Dagger            |     5 |     2 ||     7
 Cast: Magic Dart        |    48 |     8 ||    56
       Searing Ray       |     4 |     6 ||    10
 Stab: Sleeping          |     1 |       ||     1
  Eat: Chunk             |     4 |     2 ||     6
Armor: Robe              |     5 |       ||     5
Dodge: Dodged            |     9 |    11 ||    20
